 Dungeon Crawl Stone Soup version 0.24.0-123-gd5b16e6ec5 (webtiles) character file.

Game seed: 1978455145921449048, levelgen mode: deterministic

17664 Delamore the Severer (level 12, -1/108 HPs)
             Began as a Hill Orc Fighter on Dec 25, 2019.
             Was the Champion of Okawaru.
             Killed by divine providence
             ... invoked by a meliai
              (13 damage)
             ... on level 12 of the Dungeon.
             The game lasted 00:18:14 (11705 turns).

Delamore the Severer (Hill Orc Fighter)            Turns: 11705, Time: 00:18:15

Health: -1/108     AC: 29    Str: 25 (26) XL:     12   Next: 50%
Magic:  15/15      EV:  5    Int:  6 (8)  God:    Okawaru [******]
Gold:   337        SH:  9    Dex: 11 (12) Spells: 11/11 levels left

rFire    + . .     SeeInvis +   F - +5 war axe
rCold    . . .     Gourm    .   V - +0 shield of Uskayaw's Hope {Dex+2}
rNeg     . . .     Faith    +   E - +2 plate armour {rF+}
rPois    +         Spirit   .   (no helmet)
rElec    .         Reflect  .   r - +2 cloak
rCorr    .         Harm     .   X - +5 pair of gloves "Rihiug" {+Blink Str+2}
MR       .....                  W - +2 pair of boots
Stlth    ..........             t - amulet of faith
HPRegen  0.28/turn              c - ring of poison resistance
MPRegen  0.14/turn              T - ring of see invisible

@: flying, very slightly contaminated, invisible
A: no striking features
a: Heroism, Finesse, Renounce Religion, Evoke Blink


You were on level 12 of the Dungeon.
You worshipped Okawaru.
Okawaru was exalted by your worship.
You were hungry.

You visited 1 branch of the dungeon, and saw 12 of its levels.
You also visited: Ossuary.

You collected 839 gold pieces.
You spent 502 gold pieces at shops.

Inventory:

Hand Weapons
 x - the +1 executioner's axe of Spite {freeze, rN+}
   (Okawaru gifted it to you on level 11 of the Dungeon)

   It has been specially enchanted to freeze those struck by it, causing extra
   injury to most foes and up to half again as much damage against particularly
   susceptible opponents.
   It can also slow down cold-blooded creatures.
   It protects you from negative energy.
 F - a +5 war axe (weapon)
Missiles
 u - 4 javelins (quivered)
Armour
 n - a +0 pair of gloves
 r - a +2 cloak (worn)
 y - the +3 hat of Pondering {ponderous, MR+ MP+10 Int+5}
   (You took it off Gastronok on level 11 of the Dungeon)

   It affects your intelligence (+5).
   It affects your resistance to hostile enchantments.
   It affects your magic capacity (+10).
 E - a +2 plate armour of fire resistance (worn)
 V - the +0 shield of Uskayaw's Hope (worn) {Dex+2}
   (You bought it in a shop on level 8 of the Dungeon)

   It affects your dexterity (+2).
 W - a +2 pair of boots (worn)
 X - the +5 pair of gloves "Rihiug" (worn) {+Blink Str+2}
   (Okawaru gifted it to you on level 11 of the Dungeon)

   It affects your strength (+2).
   It lets you blink.
Jewellery
 c - a ring of poison resistance (left hand)
 t - an amulet of faith (around neck)
 O - an uncursed ring of resist corrosion
 T - a ring of see invisible (right hand)
 Z - a cursed ring of attention {unknown}
Wands
 i - a wand of acid (17)
 v - a wand of disintegration (6)
 w - a wand of flame (7)
 C - a wand of paralysis (12)
 J - a wand of polymorph (11)
 S - a wand of iceblast (20)
 U - a wand of random effects (33)
Scrolls
 e - 2 scrolls of remove curse
 g - 2 scrolls of enchant armour
 h - 6 scrolls of teleportation
 j - a scroll of random uselessness
 k - 5 scrolls of fear
 s - 4 scrolls of fog
 A - 4 scrolls of blinking {unknown}
 G - 2 scrolls of noise {unknown}
 H - a scroll of vulnerability {unknown}
 L - a scroll of enchant weapon
 N - 2 scrolls of magic mapping
 P - a scroll of amnesia {unknown}
 Q - a scroll of immolation {unknown}
Potions
 b - a potion of ambrosia
 d - 3 potions of might
 l - a potion of resistance
 m - a potion of degeneration
 o - 3 potions of curing
 p - a potion of flight
 q - 5 potions of invisibility
 z - a potion of haste
 B - 2 potions of magic
 D - 2 potions of agility
 I - a potion of mutation
 K - 2 potions of cancellation
 M - 2 potions of lignification
 R - 2 potions of berserk rage
Comestibles
 f - 15 rations


   Skills:
 + Level 10.9 Fighting
 - Level 18.3 Axes
 + Level 10.1 Armour
 - Level 3.2 Shields
 + Level 4.5 Invocations
 + Level 3.3 Evocations


You had 11 spell levels left.
You didn't know any spells.
Your spell library contained the following spells:

 Spells                   Type           Power        Failure   Level  Hunger
 Corona                   Hex            #......      100%        1    ##.....
 Flame Tongue             Conj/Fire      #....        100%        1    ##.....
 Magic Dart               Conj           #...         100%        1    ##.....
 Sting                    Conj/Pois      #...         100%        1    ##.....
 Ensorcelled Hibernation  Hex/Ice        #.....       100%        2    ###....
 Poisonous Vapours        Pois/Air       #.....       100%        2    ###....
 Searing Ray              Conj           #.....       100%        2    ###....
 Throw Flame              Conj/Fire      #.....       100%        2    ###....
 Confuse                  Hex            #.......     100%        3    ####...
 Conjure Flame            Conj/Fire      #.......     100%        3    ####...
 Dazzling Spray           Conj/Hex       #.....       100%        3    ####...
 Inner Flame              Hex/Fire       #.......     100%        3    ####...
 Mephitic Cloud           Conj/Pois/Air  #.......     100%        3    ####...
 Tukima's Dance           Hex            #.......     100%        3    ####...
 Force Lance              Conj/Tloc      #.......     100%        4    #####..
 Fulminant Prism          Conj/Hex       #.........   100%        4    #####..
 Iskenderun's Mystic Bla  Conj           #.......     100%        4    #####..
 Olgreb's Toxic Radiance  Pois           #.......     100%        4    #####..
 Sticky Flame             Conj/Fire      #.......     100%        4    #####..
 Fireball                 Conj/Fire      #.........   100%        5    ######.
 Venom Bolt               Conj/Pois      #.........   100%        5    ######.


Dungeon Overview and Level Annotations

Branches:
Dungeon (12/15)            Temple (0/1) D:6            Lair (0/6) D:11
    Orc (0/2) D:12        Ossuary (visited)

Altars:
Okawaru

Shops:
D:7 %   D:8 [   D:10 ?*(!*

Annotations:
D:12 Sonja


Message History

The meliai mumbles some strange prayers to its god against you.
Something smites you!
* * * LOW HITPOINT WARNING * * *
The meliai barely misses you. You block the meliai's attack.
You hit the meliai.
The meliai is lightly wounded.
The meliai barely misses you. The meliai stings you.
* * * LOW HITPOINT WARNING * * *
Unknown command.
You strike the helpless meliai from behind!
You hit the meliai.
The meliai is moderately wounded.
You block the meliai's attack. x2
Your shield and plate armour prevent you from hitting the meliai.
The meliai is moderately wounded.
The meliai barely misses you.
The meliai stings you but does no damage.
The meliai invokes the aid of its god against you.
Something smites you!
You die...

#+# #. #.# #.# #y####.#
#.# #yy....# ##.##
######.# # ##...## #.#
### #.....# #y# ..##
#.....### #.#
...######.....#.#######.#
................@yyyy...#
#########.......#########
# #.....### ###.### # #.#
## #.# .# #.########## .#
#######..........#
.####.<..........###.####


You could see a meliai and 3 killer bees.

Vanquished Creatures
  Gastronok (D:11)
  Snorg (D:11)
  Harold (D:11)
  A two-headed ogre (D:11)
  An unseen horror (D:10)
  Pikel (D:6)
  An ugly thing (D:11)
  A manticore (D:12)
  A cyclops (D:11)
  Maurice (D:12)
  The ghost of Norian the Thaumaturge, a novice DECj (D:6)
  2 komodo dragons
  2 meliai (D:12)
  3 hippogriffs
  Sigmund (D:4)
  7 yaks
  A wraith (D:11)
  2 wyverns
  A basilisk (D:11)
  3 wargs (D:12)
  Menkaure (Ossuary)
  2 water moccasins
  3 ice beasts
  7 orc warriors
  4 sky beasts
  2 slaves (D:6)
  2 phantoms
  An eye of draining (D:8)
  A necrophage (D:5)
  3 ogres
  4 centaurs
  3 big kobolds
  4 bullfrogs
  A wyvern zombie (D:6)
  3 scorpions
  A wyvern skeleton (D:11)
  28 killer bees
  13 wights
  8 howler monkeys
  7 jellies
  3 crimson imps
  3 hounds
  Crazy Yiuf (D:2)
  3 centaur zombies (Ossuary)
  5 centaur skeletons
  3 orc priests
  A gnoll shaman (D:3)
  2 bullfrog skeletons
  11 orc wizards
  2 iguanas
  7 worker ants
  2 ogre zombies (Ossuary)
  A hound zombie (D:11)
  2 hound skeletons
  6 mummies (Ossuary)
  A spectral worker ant (D:6)
  3 gnolls
  A howler monkey skeleton (D:6)
  14 adders
  A hound simulacrum (D:6)
  2 shadow imps (D:6)
  An adder zombie (Ossuary)
  A worm (D:2)
  3 dart slugs
  8 leopard geckos
  26 orcs
  2 ball pythons (D:3)
  5 bats
  5 giant cockroaches
  8 goblins
  16 hobgoblins
  12 jackals
  25 kobolds
  5 quokkas
  6 frilled lizards
  3 gnoll zombies (Ossuary)
  3 goblin zombies (Ossuary)
  4 hobgoblin zombies (Ossuary)
  A jackal skeleton (D:4)
  2 kobold zombies (Ossuary)
  A leopard gecko skeleton (D:4)
  An orc zombie (Ossuary)
  5 quokka zombies (Ossuary)
  A rat (D:3)
  6 rat zombies (Ossuary)
355 creatures vanquished.

Vanquished Creatures (others)
  A howler monkey zombie (D:6)
  5 orcs
  17 plants (D:11)
23 creatures vanquished.

Grand Total: 378 creatures vanquished

Notes
Turn   | Place    | Note
-------+----------+-------------------------------------------
     0 | D:1      | Delamore the Hill Orc Fighter began the quest for the Orb.
     0 | D:1      | Reached XP level 1. HP: 19/19 MP: 1/1
    41 | D:1      | Reached skill level 3 in Axes
    92 | D:1      | Reached XP level 2. HP: 14/26 MP: 2/2
   177 | D:1      | Reached skill level 4 in Axes
   303 | D:1      | Reached XP level 3. HP: 25/31 MP: 3/3
   557 | D:1      | Reached skill level 5 in Axes
   933 | D:2      | Reached XP level 4. HP: 39/39 MP: 4/4
  1113 | D:2      | Reached skill level 6 in Axes
  1315 | D:2      | Found a runed translucent door.
  1316 | D:2      | Noticed Crazy Yiuf
  1383 | D:2      | Killed Crazy Yiuf
  1383 | D:2      | Reached XP level 5. HP: 10/45 MP: 5/5
  1406 | D:2      | HP: 2/45 [poisoned by Crazy Yiuf]
  1826 | D:3      | Noticed an ogre
  1830 | D:3      | Killed an ogre
  1830 | D:3      | Reached skill level 7 in Axes
  1922 | D:3      | Reached skill level 8 in Axes
  1923 | D:3      | Reached XP level 6. HP: 46/51 MP: 6/6
  2553 | D:4      | Reached skill level 9 in Axes
  2791 | D:4      | Reached XP level 7. HP: 52/57 MP: 7/7
  2860 | D:4      | Noticed Sigmund
  3080 | D:4      | Killed Sigmund
  3080 | D:4      | Reached skill level 10 in Axes
  3364 | D:4      | Reached skill level 11 in Axes
  3600 | D:5      | Entered Level 5 of the Dungeon
  3678 | D:5      | Reached XP level 8. HP: 62/64 MP: 8/8
  3709 | D:5      | Reached skill level 12 in Axes
  3936 | D:5      | Reached skill level 13 in Axes
  4317 | D:5      | Found an iron altar of Okawaru.
  4325 | D:5      | Became a worshipper of Warmaster Okawaru
  4807 | D:6      | Reached skill level 14 in Axes
  4807 | D:6      | Reached XP level 9. HP: 56/70 MP: 9/9
  4830 | D:6      | Noticed Pikel
  4831 | D:6      | Reached * piety under Okawaru
  4845 | D:6      | Killed Pikel
  4845 | D:6      | Reached skill level 15 in Axes
  4886 | D:6      | Found a staircase to the Ecumenical Temple.
  4927 | D:6      | Reached ** piety under Okawaru
  5061 | D:6      | Found a runed translucent gate.
  5061 | D:6      | Found a runed translucent gate.
  5061 | D:6      | Found a runed translucent gate.
  5066 | D:6      | Noticed Norian's ghost (novice DECj)
  5638 | D:6      | Killed Norian's ghost
  5638 | D:6      | Reached skill level 16 in Axes
  5643 | D:6      | Reached *** piety under Okawaru
  5702 | D:7      | Reached XP level 10. HP: 56/77 MP: 10/10
  5754 | D:7      | Found a sand-covered staircase.
  5762 | Ossuary  | Entered an ossuary
  5892 | Ossuary  | Reached skill level 17 in Axes
  5968 | Ossuary  | Noticed Menkaure
  5977 | Ossuary  | Killed Menkaure
  6187 | D:7      | Received a gift from Okawaru
  6223 | D:7      | Found Fiff's Food Shop.
  6742 | D:8      | Reached **** piety under Okawaru
  6768 | D:8      | Reached skill level 18 in Axes
  6807 | D:8      | Found Leroiz's Antique Armour Boutique.
  6817 | D:8      | Bought a jewelled shield for 247 gold pieces
  6817 | D:8      | Bought a pair of glowing boots for 195 gold pieces
  6827 | D:8      | Identified the cursed +0 shield of Uskayaw's Hope {Dex+2}
                  | (You bought it in a shop on level 8 of the Dungeon)
  7567 | D:9      | Reached ***** piety under Okawaru
  7668 | D:9      | Reached skill level 5 in Fighting
  7964 | D:10     | Entered Level 10 of the Dungeon
  7980 | D:10     | Found Daagh's Distillery.
  7983 | D:10     | Bought a potion of might for 60 gold pieces
  8006 | D:10     | Reached skill level 5 in Armour
  8082 | D:10     | Found Gufesch's Magic Scroll Shop.
  8108 | D:10     | Reached XP level 11. HP: 65/89 MP: 11/11
  8116 | D:10     | Found Naom's General Store.
  8136 | D:10     | Found Vutoseuq's Antique Weapon Shop.
  8393 | D:10     | Noticed an unseen horror
  8400 | D:10     | Killed an unseen horror
  8400 | D:10     | Received a gift from Okawaru
  8444 | D:10     | Found Lysyicum's Assorted Antiques.
  8583 | D:11     | Noticed a cyclops
  8588 | D:11     | Killed a cyclops
  8747 | D:11     | Noticed Gastronok
  8769 | D:11     | Killed Gastronok
  8769 | D:11     | Received a gift from Okawaru
  8781 | D:11     | Reached ****** piety under Okawaru
  8784 | D:11     | Got an iridescent executioner's axe {god gift}
  9053 | D:11     | Identified the +1 executioner's axe of Spite {freeze, rN+}
                  | (Okawaru gifted it to you on level 11 of the Dungeon)
  9154 | D:11     | Noticed Harold
  9171 | D:11     | Killed Harold
  9446 | D:11     | Noticed a white ugly thing
  9474 | D:11     | Received a gift from Okawaru
  9474 | D:11     | Reached skill level 10 in Fighting
  9486 | D:11     | Killed a white ugly thing
  9486 | D:11     | Reached XP level 12. HP: 65/106 MP: 12/12
  9491 | D:11     | Got a pair of distressingly furry gloves {god gift}
  9503 | D:11     | Identified the +5 pair of gloves "Rihiug" {+Blink Str+2}
                  | (Okawaru gifted it to you on level 11 of the Dungeon)
  9717 | D:11     | Reached skill level 1 in Invocations
  9780 | D:11     | Noticed a two-headed ogre
  9793 | D:11     | Killed a two-headed ogre
  9793 | D:11     | Reached skill level 1 in Evocations
 10160 | D:11     | Found a staircase to the Lair.
 10280 | D:11     | Noticed Snorg
 10368 | D:11     | Killed Snorg
 11212 | D:12     | Noticed Sonja
 11246 | D:12     | Noticed Maurice
 11262 | D:12     | Killed Maurice
 11284 | D:12     | Found a staircase to the Orcish Mines.
 11343 | D:12     | Reached skill level 10 in Armour
 11689 | D:12     | HP: 5/108 [killer bee (6)]
 11705 | D:12     | Killed from afar by a meliai

Levels and vault maps discovered:
D:1:      ncdulo_watergridlock, layout_loops_corners, minivault_19
D:2:      layout_rooms, uniq_crazy_yiuf_cottage
D:3:      wad_crossroads, layout_basic
D:4:      layout_basic, uniq_sigmund
D:5:      layout_basic, kennysheep_okawaru_gauntlet, first_ration
D:6:      layout_basic, temple_pool_b, gammafunk_ghost_necromancy, uniq_pikel
D:7:      layout_cave_pools, serial_shops, shop, chequers_ossuary_entry_cave
D:8:      layout_basic, serial_shops, nicolae_shop_crystal
D:9:      layout_cave_pods
D:10:     layout_roguey, serial_shops, nicolae_shop_trees, nicolae_shop_trees,
          shop, nicolae_shop_trees, shop_fountains
D:11:     layout_basic, david_lair_shrubbed, uniq_snorg, uniq_harold,
          uniq_gastronok
D:12:     layout_loops_corners, david_orc_1_choice, special_room
          [special_room_bee], serial_shops, shop, uniq_maurice, uniq_sonja

Skill      XL: |  1  2  3  4  5  6  7  8  9 10 11 12 |
---------------+-------------------------------------+-----
Axes           | 3 4 5 6 8 9 11 14 16 18 | 18.3
Fighting       | 6 10 | 10.9
Armour         | 5 9 10 | 10.1
Invocations    | 4 |  4.5
Evocations     | 3 |  3.3
Shields        | |  3.2

Action                   |  1- 3 |  4- 6 |  7- 9 | 10-12 || total
-------------------------+-------+-------+-------+-------++-------
Melee: War axe           |    97 |   174 |   339 |   697 ||  1307
Throw: Throwing net      |       |       |       |     3 ||     3
       Javelin           |       |       |       |     1 ||     1
 Abil: Evoke Blink       |       |       |       |     1 ||     1
  Use: Scroll            |       |       |     6 |    14 ||    20
       Potion            |       |       |       |     7 ||     7
 Stab: Invisible         |       |       |       |     1 ||     1
  Eat: Chunk             |       |     5 |    11 |    19 ||    35
Armor: Scale mail        |    35 |    69 |   106 |       ||   210
       Plate armour      |       |       |    49 |   332 ||   381
Dodge: Dodged            |    30 |    40 |    53 |    86 ||   209
Block: Shield            |    51 |    77 |   124 |   258 ||   510
